 Dungeon Crawl Stone Soup version 0.26.1-11-gd32895ea62 (webtiles) character file.

Game seed: 14885754028336454335

270510 moonlapse the Severer (level 19, -5/184 HPs)
             Began as a Red Draconian Brigand on May 14, 2021.
             Was the Champion of Okawaru.
             Killed from afar by an ice dragon (16 damage)
             ... with a blast of cold
             ... on level 1 of the Depths on June 15, 2021.
             The game lasted 01:39:22 (68047 turns).

moonlapse the Severer (Red Draconian Brigand)      Turns: 68047, Time: 01:39:23

Health: -5/184     AC: 20    Str: 19    XL:     19   Next: 43%
Magic:  28/28      EV: 17    Int: 14    God:    Okawaru [******]
Gold:   3813       SH: 21    Dex: 14    Spells: 18/18 levels left

rFire    . . .     SeeInvis +   w - +9 broad axe
rCold    + . .     Faith    .   W - +0 tower shield
rNeg     . . .     Spirit   .   (armour unavailable)
rPois    +         Reflect  .   I - +2 hat {Will+}
rElec    .         Harm     .   d - +2 cloak {rPois}
rCorr    +         Rampage  .   D - +2 pair of gloves {Str+3}
Will     +++++                  S - +1 pair of boots of Raequ {rPois rCorr Int-2 SInv}
Stlth    +++.......             o - amulet of magic regeneration
HPRegen  0.40/turn              G - ring of Elitism {rF- Will+++ MP+9 SInv Stlth+}
MPRegen  0.46/turn              C - ring of protection from cold

@: no status effects
A: breathe fire, unfitting armour, stinger 1, fire resistance 1, cold-blooded,
AC +10
}: 2/15 runes: serpentine, barnacled
a: Breathe Fire, Renounce Religion, Heroism, Finesse


You were on level 1 of the Depths.
You worshipped Okawaru.
Okawaru was exalted by your worship.
You visited 7 branches of the dungeon, and saw 34 of its levels.
You also visited: Ossuary.

You collected 4399 gold pieces.
You spent 586 gold pieces at shops.


Innate Abilities, Weirdness & Mutations

You can breathe blasts of fire.
Your fiery red scales are hard. (AC +10)
You cannot fit into any form of body armour.
Your flesh is heat resistant. (rF+)
You are cold-blooded and may be slowed by cold attacks.
Your tail ends in a poisonous barb.


   Skills:
 - Level 19.7 Fighting
 - Level 2.0 Short Blades
 - Level 20.0 Axes
 - Level 1.7 Throwing
 - Level 10.0 Dodging
 - Level 3.6 Stealth
 + Level 18.4 Shields


You had 18 spell levels left.
You didn't know any spells.
Your spell library contained the following spells:

 Spells                   Type           Power        Failure   Level
 Animate Skeleton         Necr           0%           56%         1
 Apportation              Tloc           0%           56%         1
 Corona                   Hex            0%           56%         1
 Magic Dart               Conj           0%           56%         1
 Pain                     Necr           0%           56%         1
 Shock                    Conj/Air       0%           56%         1
 Summon Small Mammal      Summ           0%           56%         1
 Blink                    Tloc           N/A          71%         2
 Call Imp                 Summ           0%           71%         2
 Corpse Rot               Necr/Air       N/A          71%         2
 Poisonous Vapours        Pois/Air       0%           71%         2
 Slow                     Hex            0%           71%         2
 Sublimation of Blood     Necr           0%           71%         2
 Swiftness                Air            0%           71%         2
 Call Canine Familiar     Summ           0%           90%         3
 Confusing Touch          Hex            0%           90%         3
 Conjure Flame            Conj/Fire      0%           90%         3
 Gell's Gravitas          Tloc           0%           90%         3
 Inner Flame              Hex/Fire       0%           90%         3
 Mephitic Cloud           Conj/Pois/Air  0%           90%         3
 Portal Projectile        Hex/Tloc       0%           90%         3
 Static Discharge         Conj/Air       0%           90%         3
 Summon Guardian Golem    Hex/Summ       0%           90%         3
 Vampiric Draining        Necr           0%           90%         3
 Airstrike                Air            0%           100%        4
 Animate Dead             Necr           0%           100%        4
 Cause Fear               Hex            0%           100%        4
 Dispel Undead            Necr           0%           100%        4
 Leda's Liquefaction      Hex/Erth       0%           100%        4
 Petrify                  Tmut/Erth      0%           100%        4
 Summon Ice Beast         Ice/Summ       0%           100%        4
 Summon Lightning Spire   Summ/Air       0%           100%        4
 Agony                    Necr           0%           100%        5
 Bolt of Magma            Conj/Fire/Erth 0%           100%        5
 Excruciating Wounds      Necr           0%           100%        5
 Iskenderun's Battlesphe  Conj           0%           100%        5
 Lightning Bolt           Conj/Air       0%           100%        5
 Metabolic Englaciation   Hex/Ice        0%           100%        5
 Silence                  Hex/Air        0%           100%        5
 Yara's Violent Unravell  Hex/Tmut       0%           100%        5
 Freezing Cloud           Conj/Ice/Air   0%           100%        6
 Iron Shot                Conj/Erth      0%           100%        6
 Orb of Destruction       Conj           0%           100%        7
 Spellforged Servitor     Conj/Summ      0%           100%        7
 Discord                  Hex            0%           100%        8

Inventory:

Hand Weapons
 u - a +4 war axe of flaming
 w - a +9 broad axe (weapon)
Missiles
 a - 75 javelins (quivered)
 f - 12 throwing nets {=f}
 y - 13 silver boomerangs
 J - 76 boomerangs
 M - 69 silver javelins
Armour
 d - a +2 cloak of poison resistance (worn)
 B - a +0 pair of boots of running
 D - a +2 pair of gloves of strength (worn)
 I - a +2 hat of willpower (worn)
 S - the +1 pair of boots of Raequ (worn) {rPois rCorr Int-2 SInv}
   (Okawaru gifted it to you on level 4 of the Lair of Beasts)

   It affects your intelligence (-2).
   It protects you from poison.
   It lets you see invisible.
   It provides partial protection from all sources of acid and corrosion.
 W - a +0 tower shield (worn)
Jewellery
 c - an uncursed ring of protection from cold
 o - an amulet of magic regeneration (around neck)
 p - the amulet "Xeen" {Faith *Corrode rF+ Int+4}
   (You took it off a merfolk on level 4 of the Shoals)

   [amulet of faith]

   It allows you to gain divine favour quickly.
   It affects your intelligence (+4).
   It protects you from fire.
   It may corrode you when you take damage.
 C - a ring of protection from cold (right hand)
 G - the ring of Elitism (left hand) {rF- Will+++ MP+9 SInv Stlth+}
   (You acquired it on level 12 of the Dungeon)

   [ring of see invisible]

   It makes you vulnerable to fire.
   It affects your willpower, your defense against some magical effects.
   It affects your magic capacity (+9).
   It lets you see invisible.
   It makes you more stealthy.
 L - an uncursed ring of flight
 R - an uncursed ring of resist corrosion
Wands
 b - a wand of enslavement (13)
 g - a wand of disintegration (48)
 m - a wand of acid (21)
 r - a wand of flame (80)
 U - a wand of iceblast (18)
 X - a wand of digging (4)
 Y - a wand of polymorph (10)
Scrolls
 h - 3 scrolls of enchant weapon
 i - 3 scrolls of fog
 k - 13 scrolls of remove curse {@r2}
 l - 13 scrolls of identify {@r1}
 q - 5 scrolls of enchant armour
 s - 9 scrolls of magic mapping
 z - 3 scrolls of amnesia
 H - a scroll of blinking
 O - 2 scrolls of teleportation {@r4}
Potions
 e - 4 potions of mutation
 j - 16 potions of curing {@q1}
 n - 3 potions of brilliance
 t - 4 potions of haste {@q3}
 v - 7 potions of magic
 A - 2 potions of cancellation
 E - 3 potions of invisibility
 K - 4 potions of might
 N - a potion of attraction
 P - 2 potions of resistance
 T - 5 potions of ambrosia
 V - 4 potions of flight
Miscellaneous
 x - a lightning rod (4/4)
 F - a phantom mirror (inert)
 Q - a box of beasts
 Z - a condenser vane

Dungeon Overview and Level Annotations

Branches:
Dungeon (15/15)            Temple (1/1) D:6            Lair (6/6) D:11
 Shoals (4/4) Lair:3        Snake (4/4) Lair:3        Slime (0/5) Lair:5
    Orc (2/2) D:11            Elf (0/3) Orc:2        Vaults (0/5) D:13
 Depths (2/5) D:15        Ossuary (visited)

Altars:
Ashenzari
Cheibriados
Dithmenos
Elyvilon
Fedhas
Gozag
Hepliaklqana
Nemelex Xobeh
Okawaru
Ru
Sif Muna
Vehumet
Wu Jian
Xom
Yredelemnul
The Shining One
Beogh

Shops:
D:13 ?   Orc:2 ([!(   Shoals:4 [

Portals:
Hell: Depths:1
Abyss: D:8 Depths:1
Ziggurat: Depths:2

Annotations:
D:4 Duvessa
D:10 3 runed translucent doors, Toast5's ghost, novice GrFi
Shoals:1 Bityczex's ghost, adept DEFE

#....≈≈hhh≈§.....# #.......
.....§≈h≈≈≈......#####.......
#.....≈≈§§§..................
......≈≈≈≈.........###.....#.
.......≈≈§§...#..###≈#.C..##.
.§.......§§§C§####.≈≈#.####..
##..≈§.§....§.§D§§..##≈.(.......
#...§§§§...(..§§§§..>#.(([###...
....§.§......§@§§.###......##..
#............§§...)....##..##. .#
#.....#...#......)#...#....##
...###....#...#.....)[##..#......
#........#.###...#....#........#
#......###..........#.########
####.#...#....).###....#...[..#
#....##.####......#..###.......
#.....#....####.######.....####


You could see an ice dragon (catching breath).


Message History

You tail-slap the ice dragon, but do no damage.
The ice dragon is moderately wounded.
You block the ice dragon's attack. x2; The ice dragon tramples you!
You stumble backwards!
The fire giant gestures at you while chanting.
The bolt of fire misses you.
You slash the ice dragon!
The ice dragon is moderately wounded.
The ice dragon breathes frost at you. The blast of cold hits you!! You resist.
* * * LOW HITPOINT WARNING * * *
The fire giant points at you and mumbles some strange words.
The bolt of fire hits you!!
* * * LOW HITPOINT WARNING * * *
You hear a horrible gurgling sound! x2
The ice dragon breathes frost at you. The blast of cold hits you! You resist.
* * * LOW HITPOINT WARNING * * *
You hear a horrible gurgling sound! x2
The ice dragon breathes frost at you. The blast of cold hits you! You resist.
* * * LOW HITPOINT WARNING * * *
The fire giant points at you and mumbles some strange words.
The bolt of fire hits you!!
* * * LOW HITPOINT WARNING * * *
As you read the scroll of fog, it crumbles to dust.
The scroll dissolves into smoke.
The ice dragon breathes frost at you. The blast of cold hits you! You resist.
You die...

Skill      XL: |  1  2  3  4  5  6  7  8  9 10 11 12 13 14 15 16 17 18 19 |
---------------+----------------------------------------------------------+-----
Fighting       | 3 4 5 7 8 9 10 14 18 19 | 19.7
Axes           | 3 6 10 13 15 16 17 18 19 20 | 20.0
Shields        | 3 4 8 11 13 16 18 | 18.4
Dodging        | 9 10 | 10.0
Short Blades   | |  2.0
Throwing       | |  1.7
Stealth        | |  3.6

Action                   |  1- 3 |  4- 6 |  7- 9 | 10-12 | 13-15 | 16-18 | 19-21 || total
-------------------------+-------+-------+-------+-------+-------+-------+-------++-------
Melee: Dagger            |    68 |   183 |       |       |       |       |       ||   251
       Tailslap          |    10 |    24 |    24 |   120 |   351 |   296 |    49 ||   874
       War axe           |       |       |   243 |   804 |  1103 |       |       ||  2150
       Scimitar          |       |       |       |       |    38 |       |       ||    38
       Broad axe         |       |       |       |       |   824 |  1808 |   231 ||  2863
       Unarmed           |       |       |       |       |     3 |       |       ||     3
Throw: Javelin           |    10 |    18 |       |     3 |       |     8 |       ||    39
       Dart              |     1 |    36 |       |       |       |       |       ||    37
       Boomerang         |       |       |     5 |       |       |    18 |       ||    23
Invok: Heroism           |       |       |       |     1 |     2 |     6 |       ||     9
       Finesse           |       |       |       |       |       |     1 |       ||     1
 Abil: Breathe Fire      |       |       |     9 |    23 |    52 |    41 |     1 ||   126
Evoke: Wand              |       |     3 |     4 |       |    10 |       |       ||    17
       Phantom mirror    |       |       |       |       |       |       |     1 ||     1
  Use: Potion            |       |       |    10 |     2 |    10 |    10 |       ||    32
       Scroll            |       |       |    17 |     7 |    20 |    23 |     7 ||    74
 Stab: Sleeping          |     4 |     4 |    14 |     7 |    11 |    17 |     1 ||    58
       Paralysed         |       |       |     5 |       |       |       |       ||     5
       Distracted        |       |       |     1 |     1 |     3 |     6 |       ||    11
       Invisible         |       |       |       |     3 |       |       |       ||     3
Armor: Skin              |    20 |    96 |   140 |   312 |   644 |   391 |    40 ||  1643
Dodge: Dodged            |    34 |    99 |   123 |   377 |  1226 |   760 |    87 ||  2706
Block: Buckler           |       |       |    36 |   148 |   226 |       |       ||   410
       Kite shield       |       |       |       |       |   445 |   169 |       ||   614
       Tower shield      |       |       |       |       |       |  1368 |   199 ||  1567
       Rpst.: Scimitar   |       |       |       |       |    13 |       |       ||    13

Levels and vault maps discovered:
D:1:      elethiomel_arrival_fortress_basement, layout_rooms
D:2:      layout_basic
D:3:      layout_loops_ring, old_standard_altar, portal_sewer_entry_e,
          minmay_close_crescents, uniq_crazy_yiuf_cottage, uniq_ijyb,
          uniq_sigmund
D:4:      layout_loops_ring, uniq_duvessa
D:5:      layout_rooms, serial_bayou, serial_bayou_lagoon_a,
          serial_bayou_shore_a, serial_bayou_ford_a, serial_bayou_pond_a,
          minmay_pentangle
D:6:      layout_loops_ring, minmay_temple_entry_from_below_b, basic_altar
D:7:      layout_rooms, enter_ossuary_3, hangedman_decor_growths, uniq_pikel,
          uniq_menkaure, uniq_harold
D:8:      layout_loops_ring, gammafunk_ghost_abyssal_escape
D:9:      layout_loops_ring, cheibrodos_ashenzari_chains, uniq_gastronok
D:10:     layout_roguey, ebering_ghost_gozag
D:11:     layout_big_octagon, due_lair_maze_entry_diamond, orc_0_dummy,
          basic_altar, uniq_josephine
D:12:     layout_roguey, hangedman_abyss_or_decor_passed,
          minmay_variable_closet, uniq_kirke
D:13:     layout_loops_ring, grunt_vaults_entry_fortified, enter_bailey_7,
          serial_shops, nicolae_shop_crystal, einodemon_barbed_minivault
D:14:     layout_loops_ring, nemelex_xobeh_ov_fountains_minmay
D:15:     gammafunk_depths_entry_grave, layout_gridville,
          nicolae_dithmenos_through_a_glass_darkly
Temple:   dpeg_three_leaves_temple
Lair:1:   layout_small_grid
Lair:2:   layout_long_grid, minivault_23, chequers_serial_rivers_micro_c
Lair:3:   layout_cave_pods, shoals_dummy_entry, dummy_snake_entry,
          chequers_serial_rivers_small_3, grunt_megastairs_1, uniq_rupert
Lair:4:   layout_roguey, nicolae_quartered_pool_medium
Lair:5:   layout_roguey, slime_dummy, nicolae_lair_yak_garden
Lair:6:   guppyfry_lair_end_dragon, layout_layer_cave, special_room
          [special_room_bee], st_stairs_8
Shoals:1: layout_shoals, gammafunk_ghost_berserking_beasts,
          nicolae_shoals_mertower, uniq_nikola
Shoals:2: layout_shoals, lightli_airlock
Shoals:3: layout_shoals
Shoals:4: shoals_end_simple, layout_shoals, serial_shops,
          nicolae_shop_competitors_out_of_business
Snake:1:  layout_misc_corridors, grunt_ministairs_14, uniq_agnes
Snake:2:  layout_grid_shapes, serial_bayou_pond_c, serial_bayou_shore_b,
          uniq_louise
Snake:3:  layout_misc_corridors, serial_bayou_shore_b, uniq_saint_roka
Snake:4:  snake_pit_salamanders_mu, layout_cave_town, hangedman_snake_pattern
Orc:1:    layout_caves, uniq_jorgrun
Orc:2:    st_orc_town, layout_caves
Depths:1: layout_honeycomb, hellmouth_3, abyss_entry,
          hangedman_decor_peaks_small, chequers_serial_rivers_large_a,
          nicolae_rare_books, kennysheep_dice, uniq_bai_suzhen
Depths:2: minmay_inner_zag, layout_gridville, enter_ziggurat_e,
          grunt_hell_entry_dis_grunt, kennysheep_generic_room_6

Notes
Turn   | Place    | Note
-------+----------+-------------------------------------------
     0 | D:1      | moonlapse the Draconian Brigand began the quest for the
                  | Orb.
     0 | D:1      | Reached XP level 1. HP: 17/17 MP: 1/1
   193 | D:1      | Reached skill level 3 in Fighting
   240 | D:1      | Reached XP level 2. HP: 24/26 MP: 2/2
   869 | D:2      | Reached XP level 3. HP: 32/33 MP: 3/3
   901 | D:2      | Reached skill level 4 in Fighting
  1697 | D:3      | Reached XP level 4. HP: 41/41 MP: 4/4
  1718 | D:3      | Noticed Ijyb
  1778 | D:3      | Killed Ijyb
  1779 | D:3      | Reached skill level 5 in Fighting
  2204 | D:3      | Found a radiant altar of Vehumet.
  2747 | D:3      | Noticed Sigmund
  2790 | D:3      | Reached XP level 5. HP: 49/50 MP: 5/5
  2972 | D:3      | Noticed a sky beast
  3008 | D:3      | Killed a sky beast
  3009 | D:3      | Reached skill level 6 in Fighting
  3091 | D:2      | Reached skill level 7 in Fighting
  3091 | D:2      | Reached XP level 6. HP: 49/60 MP: 6/6
  3550 | D:3      | Found a runed translucent door.
  3551 | D:3      | Noticed Crazy Yiuf
  3759 | D:3      | Killed Crazy Yiuf
  3899 | D:4      | Noticed Duvessa
  4010 | D:4      | Reached skill level 8 in Fighting
  4282 | D:4      | Your scales start taking on a fiery red colour.
  4282 | D:4      | Reached XP level 7. HP: 63/69 MP: 7/7
  4282 | D:4      | Gained mutation: Your flesh is heat resistant. (rF+) [Red
                  | Draconian growth]
  4352 | D:4      | Reached skill level 1 in Axes
  4649 | D:5      | Entered Level 5 of the Dungeon
  4666 | D:4      | HP: 6/69 [centaur (7)]
  4669 | D:4      | Identified a potion of resistance
  4674 | D:4      | Reached skill level 9 in Fighting
  4674 | D:4      | Reached skill level 2 in Axes
  4948 | D:3      | Killed Sigmund
  4949 | D:3      | Reached skill level 3 in Axes
  5112 | D:5      | Got a warped hand axe
  5118 | D:5      | Identified the +6 hand axe of Fedhas's Indignation {vorpal,
                  | Dex+5} (You found it on level 5 of the Dungeon)
  5138 | D:5      | Reached XP level 8. HP: 38/78 MP: 8/8
  5447 | D:5      | Reached skill level 4 in Axes
  5707 | D:5      | Reached skill level 10 in Fighting
  6123 | D:5      | You fall into a shaft and drop 2 floors!
  6142 | D:7      | Reached skill level 5 in Axes
  6142 | D:7      | Reached skill level 1 in Shields
  6274 | D:7      | Reached skill level 2 in Shields
  6307 | D:7      | Reached skill level 6 in Axes
  6307 | D:7      | Reached skill level 3 in Shields
  6307 | D:7      | Reached XP level 9. HP: 39/85 MP: 9/9
  6307 | D:7      | Noticed Menkaure
  6307 | D:7      | Noticed a boulder beetle
  6308 | D:7      | Killed Menkaure
  6309 | D:7      | Reached skill level 4 in Shields
  6370 | D:7      | Reached skill level 7 in Axes
  6412 | D:7      | Noticed Pikel
  6431 | D:7      | Killed Pikel
  6432 | D:7      | Reached skill level 8 in Axes
  6647 | D:7      | Found a sand-covered staircase.
  6672 | D:7      | Killed a boulder beetle
  6673 | D:7      | Reached skill level 10 in Axes
  6680 | Ossuary  | Entered an ossuary
  7454 | D:7      | Reached XP level 10. HP: 88/93 MP: 10/10
  7545 | D:7      | Noticed Harold
  7723 | D:7      | Killed Harold
  7724 | D:7      | Reached skill level 11 in Axes
  8054 | D:6      | Found a staircase to the Ecumenical Temple.
  8062 | Temple   | Entered the Ecumenical Temple
  8069 | Temple   | Became a worshipper of Warmaster Okawaru
  8400 | D:6      | Found a hazy altar of Hepliaklqana.
  9830 | D:8      | Noticed a two-headed ogre
  9836 | D:8      | Killed a two-headed ogre
  9837 | D:8      | Reached skill level 12 in Axes
  9891 | D:8      | Noticed a two-headed ogre
  9899 | D:8      | Killed a two-headed ogre
  9899 | D:8      | Reached * piety under Okawaru
 10221 | D:8      | Found a one-way gate to the infinite horrors of the Abyss.
 10221 | D:8      | Noticed Eryximachus's ghost (novice DrTm)
 10221 | D:8      | Noticed a smoke demon
 10223 | D:8      | Found a transporter.
 10224 | D:8      | Noticed a worldbinder
 10278 | D:8      | Found a transporter.
 10328 | D:8      | Killed Eryximachus's ghost
 10329 | D:8      | Reached skill level 13 in Axes
 10337 | D:8      | Killed a worldbinder
 10337 | D:8      | Reached ** piety under Okawaru
 10338 | D:8      | Reached XP level 11. HP: 88/99 MP: 11/11
 10804 | D:9      | Noticed Gastronok
 10844 | D:9      | Killed Gastronok
 10844 | D:9      | Reached *** piety under Okawaru
 10845 | D:9      | Reached skill level 14 in Axes
 11268 | D:9      | Found a broken altar of Ashenzari.
 11383 | D:9      | Reached **** piety under Okawaru
 11526 | D:10     | Entered Level 10 of the Dungeon
 11690 | D:10     | Noticed a two-headed ogre
 11702 | D:10     | Killed a two-headed ogre
 11703 | D:10     | Reached skill level 15 in Axes
 11815 | D:10     | Reached ***** piety under Okawaru
 12103 | D:10     | Found a runed translucent gate.
 12103 | D:10     | Found a runed translucent gate.
 12103 | D:10     | Found a runed translucent gate.
 12104 | D:10     | Found an opulent altar of Gozag.
 12105 | D:10     | Noticed Toast5's ghost (novice GrFi)
 12105 | D:10     | Noticed an ogre mage
 12106 | D:10     | Noticed a yaktaur captain
 12215 | D:10     | Received a gift from Okawaru
 12414 | D:10     | Noticed a two-headed ogre
 12421 | D:10     | Killed a two-headed ogre
 12422 | D:10     | Reached XP level 12. HP: 106/106 MP: 12/12
 12495 | D:10     | Reached skill level 16 in Axes
 12498 | D:10     | Reached skill level 1 in Dodging
 12768 | D:11     | Noticed Josephine
 12913 | D:10     | Reached skill level 2 in Dodging
 13032 | D:10     | Reached skill level 3 in Dodging
 13092 | D:11     | Found a staircase to the Orcish Mines.
 13108 | D:11     | Found a staircase to the Lair.
 13159 | D:11     | Reached skill level 4 in Dodging
 13415 | D:11     | Killed Josephine
 13415 | D:11     | Received a gift from Okawaru
 13416 | D:11     | Reached skill level 5 in Dodging
 13435 | D:11     | Reached skill level 6 in Dodging
 13562 | D:11     | Reached skill level 7 in Dodging
 13644 | D:11     | Reached skill level 8 in Dodging
 14237 | D:11     | Found a shadowy altar of Dithmenos.
 14456 | Lair:1   | Entered Level 1 of the Lair of Beasts
 14995 | Lair:1   | Reached ****** piety under Okawaru
 14997 | Lair:1   | Reached skill level 9 in Dodging
 14997 | Lair:1   | Received a gift from Okawaru
 16084 | Lair:1   | Reached XP level 13. HP: 101/113 MP: 13/13
 16314 | Lair:1   | Reached skill level 10 in Dodging
 17428 | Lair:3   | Reached skill level 11 in Fighting
 17826 | Lair:3   | Found a staircase to the Shoals.
 17838 | Lair:3   | Found a staircase to the Snake Pit.
 18099 | Lair:3   | Noticed Rupert
 18149 | Lair:3   | Killed Rupert
 18150 | Lair:3   | Reached skill level 12 in Fighting
 19268 | Lair:4   | Reached skill level 13 in Fighting
 19658 | Lair:4   | Received a gift from Okawaru
 19659 | Lair:4   | Got a pair of crude boots {god gift}
 19690 | Lair:4   | Identified the +1 pair of boots of Raequ {rPois rCorr Int-2
                  | SInv} (Okawaru gifted it to you on level 4 of the Lair of
                  | Beasts)
 20290 | Lair:5   | Found a staircase to the Slime Pits.
 20328 | Lair:5   | Reached skill level 14 in Fighting
 20538 | Lair:5   | HP: 4/125 [eight-headed hydra (14)]
 21239 | Lair:5   | Reached XP level 14. HP: 113/133 MP: 14/14
 21701 | Lair:5   | Reached skill level 15 in Fighting
 21902 | Lair:6   | Entered Level 6 of the Lair of Beasts
 22949 | Lair:6   | Reached skill level 16 in Fighting
 23459 | Lair:6   | Received a gift from Okawaru
 24899 | Orc:1    | Entered Level 1 of the Orcish Mines
 24899 | Orc:1    | Noticed Jorgrun
 24910 | Orc:1    | Killed Jorgrun
 24911 | Orc:1    | Reached skill level 17 in Fighting
 25107 | Orc:2    | Entered Level 2 of the Orcish Mines
 25255 | Orc:2    | Paralysed by an orc sorcerer for 5 turns
 25566 | Orc:2    | Noticed an orc warlord
 26101 | Orc:1    | Killed an orc warlord
 26102 | Orc:1    | Reached skill level 18 in Fighting
 26692 | Orc:2    | Gained mutation: Your tail ends in a poisonous barb. [a
                  | neqoxec]
 26708 | Orc:2    | Received a gift from Okawaru
 26800 | Orc:2    | Found a roughly hewn altar of Beogh.
 26850 | Orc:2    | Reached XP level 15. HP: 56/149 MP: 15/15
 27348 | Orc:2    | Found a staircase to the Elven Halls.
 27457 | Orc:2    | Found Suolaic's Antique Weapon Boutique.
 27457 | Orc:2    | Found Qeamnuosm's Distillery.
 27472 | Orc:2    | Bought a potion of heal wounds for 85 gold pieces
 27472 | Orc:2    | Bought a potion of resistance for 170 gold pieces
 27510 | Orc:2    | Found Jecahuk's Armour Boutique.
 27510 | Orc:2    | Found Vuidwah's Antique Weapon Shoppe.
 28385 | D:11     | Reached skill level 5 in Shields
 28842 | D:12     | Noticed Kirke
 28863 | D:12     | Killed Kirke
 29755 | D:12     | Identified 3 scrolls of acquirement
 29755 | D:12     | Acquired the ring of Elitism {rF- Will+++ MP+9 SInv Stlth+}
 29763 | D:12     | Acquired a +4 war axe of flaming
 29764 | D:12     | Acquired 1033 gold pieces
 30370 | D:13     | Reached skill level 6 in Shields
 30520 | D:13     | Found Piufacziv's Magic Scroll Boutique.
 30545 | D:13     | Bought a scroll of teleportation for 39 gold pieces
 30545 | D:13     | Bought a scroll of magic mapping for 45 gold pieces
 31408 | D:13     | Received a gift from Okawaru
 31663 | D:13     | Found a gate to the Vaults.
 31915 | D:13     | Reached skill level 7 in Shields
 32220 | D:14     | HP: 12/151 [boulder beetle (17)]
 32374 | D:14     | Found a sparkling altar of Nemelex Xobeh.
 33550 | D:14     | Reached skill level 19 in Fighting
 34315 | D:15     | Entered Level 15 of the Dungeon
 34337 | D:15     | Reached skill level 17 in Axes
 35014 | D:15     | Reached skill level 8 in Shields
 35041 | D:15     | Found a shadowy altar of Dithmenos.
 35204 | D:15     | Found a staircase to the Depths.
 35215 | D:15     | Reached XP level 16. HP: 106/160 MP: 16/16
 35216 | D:15     | Received a gift from Okawaru
 35217 | D:15     | Got an ivory battleaxe {god gift}
 36246 | Snake:1  | Entered Level 1 of the Snake Pit
 37434 | Snake:1  | Received a gift from Okawaru
 37435 | Snake:1  | Got a pair of faintly glowing gloves {god gift}
 37436 | Snake:1  | Identified the +0 pair of gloves of Qodwoub {Rampage}
                  | (Okawaru gifted it to you on level 1 of the Snake Pit)
 38120 | Snake:1  | Reached skill level 9 in Shields
 38273 | Snake:1  | Noticed Agnes
 38279 | Snake:1  | Killed Agnes
 40175 | Snake:2  | Noticed Louise
 40196 | Snake:2  | Killed Louise
 41176 | Snake:3  | Reached skill level 10 in Shields
 41889 | Snake:3  | Reached skill level 18 in Axes
 42042 | Snake:3  | Received a gift from Okawaru
 42149 | Snake:3  | Identified a +0 pair of boots of running (Okawaru gifted it
                  | to you on level 3 of the Snake Pit)
 43627 | Snake:3  | Reached skill level 11 in Shields
 43636 | Snake:3  | Reached XP level 17. HP: 82/169 MP: 17/17
 44030 | Snake:3  | Noticed Saint Roka
 44051 | Snake:3  | Killed Saint Roka
 44883 | Snake:4  | Entered Level 4 of the Snake Pit
 45675 | Snake:4  | Received a gift from Okawaru
 46196 | Snake:4  | Reached skill level 12 in Shields
 47637 | Snake:4  | Reached skill level 19 in Axes
 49156 | Snake:4  | Reached skill level 13 in Shields
 49178 | Snake:4  | Received a gift from Okawaru
 50542 | Snake:4  | Reached XP level 18. HP: 111/178 MP: 18/18
 50843 | Snake:4  | Received a gift from Okawaru
 51001 | Snake:4  | Got a serpentine rune of Zot
 51186 | Shoals:1 | Entered Level 1 of the Shoals
 51210 | Shoals:1 | Found a transporter.
 51242 | Shoals:1 | Found a transporter.
 51245 | Shoals:1 | Noticed Bityczex's ghost (adept DEFE)
 51884 | Shoals:1 | Noticed Nikola
 51895 | Shoals:1 | Killed Nikola
 51895 | Shoals:1 | Received a gift from Okawaru
 51896 | Shoals:1 | Reached skill level 14 in Shields
 53211 | Shoals:1 | Reached skill level 20 in Axes
 53528 | Shoals:1 | Received a gift from Okawaru
 54304 | Shoals:2 | Found a runed translucent door.
 55124 | Shoals:2 | Identified the cursed +1 short sword of Dithmenos's Regard
                  | {flame, rF+ rC+ Str+3 SInv}
 56227 | Shoals:1 | Received a gift from Okawaru
 56808 | Shoals:2 | Reached skill level 15 in Shields
 58737 | Shoals:4 | Entered Level 4 of the Shoals
 58737 | Shoals:4 | Found Cothriuff's Antique Armour Shop.
 58759 | Shoals:4 | Bought a runed cloak for 247 gold pieces
 60523 | Shoals:4 | Reached skill level 16 in Shields
 61471 | Shoals:4 | Identified the amulet "Xeen" {Faith *Corrode rF+ Int+4}
 63384 | Shoals:4 | Got a barnacled rune of Zot
 64261 | Depths:1 | Entered Level 1 of the Depths
 64503 | Depths:1 | You fall into a shaft and drop 1 floor!
 64699 | Depths:2 | Found a gateway to a ziggurat.
 64716 | Depths:2 | Reached XP level 19. HP: 82/184 MP: 19/19
 64717 | Depths:2 | Reached skill level 17 in Shields
 66487 | Depths:1 | Reached skill level 18 in Shields
 66532 | Depths:1 | Noticed Bai Suzhen
 66547 | Depths:1 | Killed Bai Suzhen
 66573 | Depths:1 | Identified the ring of Sloth {+Fly rF+ rC+}
 67391 | Depths:1 | Found a gateway to Hell.
 68045 | Depths:1 | HP: 10/184 [fire giant/bolt of fire (35)]
 68047 | Depths:1 | Killed from afar by an ice dragon

Vanquished Creatures
  Bai Suzhen (Depths:1)
  Saint Roka (Snake:3)
  Nikola (Shoals:1)
  Rupert (Lair:3)
  Jorgrun (Orc:1)
  Gastronok (D:9)
  Kirke (D:12)
  11 nagarajas
  Agnes (Snake:1)
  3 fire giants
  A balrug (Depths:1)
  Louise (Snake:2)
  An orc warlord (Orc:1)
  2 stone giants (Depths:1)
  A juggernaut skeleton (Depths:1)
  9 merfolk javelineers
  An ettin (Depths:2)
  A fire dragon (Lair:6)
  11 merfolk impalers
  Josephine (D:11)
  A great orb of eyes (Depths:1)
  2 ogre magi (Depths:1)
  5 vault guards (D:13)
  Harold (D:7)
  7 hydras
  15 naga warriors
  5 boulder beetles
  A catoblepas (Lair:5)
  2 satyrs
  12 anacondas
  2 merfolk avatars
  A death knight (D:11)
  A merfolk aquamancer (Shoals:2)
  A death yak (Lair:5)
  2 deep troll earth magi (Depths:2)
  2 deep troll shamans (Depths:2)
  14 two-headed ogres
  An orc high priest (Orc:1)
  12 naga sharpshooters
  2 alligator snapping turtles
  A titan zombie (Depths:1)
  9 shock serpents
  A vampire mage (D:15)
  7 skeletal warriors
  6 hell knights
  5 salamander mystics
  A spark wasp zombie (D:15)
  An unseen horror (D:14)
  2 glowing orange brains
  11 sea snakes
  11 naga ritualists
  2 deep trolls (Depths:2)
  A swamp dragon (Lair:6)
  A deep elf archer (D:13)
  A tengu zombie (D:15)
  Pikel (D:7)
  2 wizards
  4 lindwurms (Snake:4)
  A wolf spider zombie (D:11)
  6 harpies
  3 necromancers
  A phantasmal warrior (D:11)
  4 orc knights
  20 ugly things
  7 fauns
  13 orc sorcerers
  16 mana vipers
  A salamander (shapeshifter) (Depths:1)
  3 deep elf magi
  4 cyclopes
  A frost giant zombie (D:15)
  17 manticores
  A fire giant zombie (Depths:1)
  9 salamanders
  A worldbinder (D:8)
  3 merfolk sirens
  18 elephants
  A frost giant skeleton (D:15)
  9 guardian serpents (Snake:4)
  4 water nymphs
  25 naga magi
  A smoke demon (D:8)
  33 black mambas
  A guardian serpent (shapeshifter) (Depths:1)
  A gargoyle (D:15)
  The ghost of Eryximachus the Changer, a novice DrTm of Wu Jian (D:8)
  3 centaur skeletons
  10 cane toads
  3 orange demons (D:13)
  5 rime drakes
  12 komodo dragons
  2 efreet
  4 yaktaurs
  3 freezing wraiths
  A tengu conjurer (D:13)
  A hellwing (Depths:1)
  3 red devils (Depths:1)
  6 trolls
  19 merfolk
  3 meliai (Lair:6)
  2 hornets (D:10)
  A queen bee (Lair:6)
  A jumping spider (shapeshifter) (Depths:2)
  2 polar bears
  7 wind drakes
  A frost giant simulacrum (Depths:1)
  11 snapping turtles
  17 blink frogs
  A meliai zombie (D:11)
  11 slime creatures
  A stone giant simulacrum (Depths:1)
  2 shadows
  A centaur simulacrum (D:15)
  A vampire (D:15)
  4 wyverns
  Sigmund (D:3)
  6 water elementals
  67 yaks
  2 hogs (D:12)
  7 basilisks
  9 wraiths
  A basilisk (shapeshifter) (D:14)
  2 steam dragons (Lair:6)
  4 vampire mosquitoes (D:12)
  A human (D:13)
  7 wargs
  Menkaure (D:7)
  A soldier ant (D:11)
  42 nagas
  An acid dragon (D:13)
  16 water moccasins
  3 black bears
  32 orc warriors
  3 small abominations (D:8)
  An ice beast (D:13)
  2 swamp drakes (Lair:6)
  2 necrophages (D:10)
  2 eyes of draining
  6 sky beasts
  6 wolves
  15 ogres
  A phantom (D:12)
  3 boggarts (Depths:1)
  15 centaurs
  16 bullfrogs
  7 big kobolds
  A gnoll sergeant (D:2)
  A wyvern zombie (D:7)
  8 scorpions
  A wyvern skeleton (D:14)
  A troll zombie (Ossuary)
  18 killer bees
  14 wights
  2 electric eels (Snake:2)
  8 howler monkeys
  A crimson imp (Depths:1)
  10 jellies
  4 bullfrog zombies
  3 hounds
  Crazy Yiuf (D:3)
  15 orc priests
  A gnoll shaman (D:5)
  2 bullfrog skeletons
  4 centaur zombies
  5 iguanas
  49 orc wizards
  Ijyb (D:3)
  10 worker ants
  A killer bee zombie (D:5)
  2 ogre zombies (Ossuary)
  A big kobold zombie (Ossuary)
  7 mummies (Ossuary)
  2 howler monkey zombies
  2 worker ant zombies
  12 gnolls
  21 adders
  3 shadow imps
  2 white imps
  3 ufetubi
  An ooze (D:1)
  4 adder zombies
  A worm zombie (D:7)
  An adder skeleton (D:9)
  4 worms
  3 dart slugs
  2 leopard geckos
  114 orcs
  4 ball pythons
  8 bats
  2 giant cockroaches
  2 hobgoblins
  5 jackals
  39 kobolds
  4 quokkas
  5 frilled lizards
  6 goblins
  5 goblin zombies (Ossuary)
  2 hobgoblin zombies (Ossuary)
  7 kobold zombies (Ossuary)
  2 leopard gecko skeletons
  An orc zombie (Ossuary)
  3 quokka zombies (Ossuary)
  9 rats
  4 rat zombies (Ossuary)
1286 creatures vanquished.

Vanquished Creatures (others)
  A necromancer (Depths:2)
  A human (D:12)
  A jelly (D:12)
  2 orc wizards (Orc:2)
  3 orcs
  2 kobolds (D:12)
  69 fungi
  164 plants
  9 withered plants (D:15)
252 creatures vanquished.

Grand Total: 1538 creatures vanquished

Table legend: (Time is in decaauts)
 A = Elapsed time spent in this place.
 B = Non-inter-level travel time spent in this place.
 C = Inter-level travel time spent in this place.
 D = Time resting spent in this place.
 E = Time spent auto-exploring this place.
 F = Levels seen in this place.
 G = Mean time per level.
                   A        B        C        D        E       F      G
               +--------+--------+--------+--------+--------+-----+--------+
         Total |  67748 |  65441 |   2307 |  22118 |  31710 |  35 | 1935.7 |
       Dungeon |  23409 |  22353 |   1056 |   5289 |  12715 |  15 | 1560.6 |
        Temple |     14 |      8 |      6 |      0 |      0 |   1 |   14.0 |
          Lair |  11636 |  11146 |    490 |   3459 |   6101 |   6 | 1939.3 |
        Shoals |  13172 |  12823 |    349 |   7036 |   3634 |   4 | 3293.0 |
     Snake Pit |  13476 |  13198 |    278 |   4389 |   6821 |   4 | 3369.0 |
  Orcish Mines |   2927 |   2800 |    127 |    889 |   1081 |   2 | 1463.5 |
        Depths |   2465 |   2465 |      0 |   1056 |    873 |   2 | 1232.5 |
       Ossuary |    645 |    645 |      0 |      0 |    484 |   1 |  645.0 |
               +--------+--------+--------+--------+--------+-----+--------+

Top non-repeatable levels by time:
 Snake:4: 5654 daAuts
Shoals:3: 4441 daAuts
Shoals:1: 4164 daAuts
 Snake:2: 3186 daAuts
  Lair:3: 3178 daAuts
    D:15: 2917 daAuts
 Snake:3: 2550 daAuts
  Lair:6: 2455 daAuts
Shoals:2: 2454 daAuts
    D:13: 2309 daAuts
     D:3: 2223 daAuts
Shoals:4: 2111 daAuts
 Snake:1: 2084 daAuts
    D:14: 2047 daAuts
    D:11: 1921 daAuts

Table legend:
 A = Non-vault XP
 B = Vault XP
 C = Vault XP percentage of total XP
 D = Non-vault monster count
 E = Vault monster count
 F = Vault count percentage of total count
                 A         B        C        D         E       F
            +---------+---------+-------+---------+---------+-------
      Total |  262346 |  156429 |  37.4 |     927 |     361 |  28.0
            +---------+---------+-------+---------+---------+-------
        D:1 |      34 |       4 |  10.5 |      16 |       1 |   5.9
        D:2 |     131 |       0 |   0.0 |      12 |       0 |   0.0
        D:3 |     323 |     314 |  49.3 |      31 |      14 |  31.1
        D:4 |     503 |       0 |   0.0 |      13 |       0 |   0.0
        D:5 |     622 |     118 |  15.9 |      23 |       6 |  20.7
        D:6 |     433 |       0 |   0.0 |      19 |       0 |   0.0
        D:7 |    2503 |    1814 |  42.0 |      39 |       4 |   9.3
        D:8 |    2607 |    1920 |  42.4 |      24 |       7 |  22.6
        D:9 |    1008 |    2307 |  69.6 |      21 |       1 |   4.5
       D:10 |    8246 |     616 |   7.0 |      52 |       3 |   5.5
       D:11 |    8929 |    2375 |  21.0 |      44 |      11 |  20.0
       D:12 |    7472 |    2337 |  23.8 |      43 |       3 |   6.5
       D:13 |    7069 |    9420 |  57.1 |      42 |      22 |  34.4
       D:14 |    9868 |     623 |   5.9 |      26 |       1 |   3.7
       D:15 |   10644 |    4787 |  31.0 |      30 |       7 |  18.9
     Lair:1 |    5277 |       0 |   0.0 |      20 |       0 |   0.0
     Lair:2 |    3443 |       0 |   0.0 |      12 |       0 |   0.0
     Lair:3 |    8173 |    4663 |  36.3 |      25 |       7 |  21.9
     Lair:4 |    5036 |       0 |   0.0 |      17 |       0 |   0.0
     Lair:5 |   10153 |    2438 |  19.4 |      27 |       5 |  15.6
     Lair:6 |    9432 |    6767 |  41.8 |      34 |      30 |  46.9
   Shoals:1 |    8524 |   12570 |  59.6 |      16 |      12 |  42.9
   Shoals:2 |   10423 |    5486 |  34.5 |      20 |       9 |  31.0
   Shoals:3 |   12883 |    2154 |  14.3 |      23 |       3 |  11.5
   Shoals:4 |    3347 |   14993 |  81.8 |       8 |      25 |  75.8
    Snake:1 |   10106 |    2874 |  22.1 |      25 |       3 |  10.7
    Snake:2 |   16010 |    1696 |   9.6 |      27 |       1 |   3.6
    Snake:3 |   25964 |    5602 |  17.7 |      43 |      13 |  23.2
    Snake:4 |   18081 |   52838 |  74.5 |      40 |      70 |  63.6
      Orc:1 |    6505 |    3007 |  31.6 |      41 |       2 |   4.7
      Orc:2 |    5434 |    6500 |  54.5 |      53 |      57 |  51.8
   Depths:1 |   30143 |    7815 |  20.6 |      45 |       7 |  13.5
   Depths:2 |   13020 |       0 |   0.0 |      16 |       0 |   0.0
    Ossuary |       0 |     391 | 100.0 |       0 |      37 | 100.0
            +---------+---------+-------+---------+---------+-------
